 Dungeon Crawl Stone Soup version 0.17-a0-1899-ge84b1df (webtiles) character file.

144 DecibelRebel the Insei (level 5, -8/37 HPs)
             Began as a Merfolk Transmuter on Sept 24, 2015.
             Mangled by a gnoll
             ... wielding a +0 flail
              (9 damage)
             ... on level 4 of the Dungeon.
             The game lasted 00:12:46 (3367 turns).

DecibelRebel the Insei (Merfolk Transmuter)         Turns: 3367, Time: 00:12:47

Health: -8/37      AC:  9    Str: 13    XL:     5   Next: 27%
Magic:  8/8        EV: 11    Int: 13    God:
Gold:   228        SH:  0    Dex: 15    Spells: 2 memorised, 4 levels left

rFire  . . .     SeeInvis .       - Unarmed
rCold  . . .     Clarity  .     s - +0 leather armour
rNeg   . . .     SustAt   .     (no shield)
rPois  .         Gourm    .     k - +2 helmet
rElec  .         Spirit   .     (no cloak)
rCorr  .         Warding  .     f - +2 pair of gloves {Str+3}
rMut   .         Stasis   .     (no boots)
MR     .....                    (no amulet)
Stlth  +.........               (no ring)
                                (no ring)

@: heavily drained, not resistant to hostile enchantments, very unstealthy
A: change form in water, swift swim
a: no special abilities


You were on level 4 of the Dungeon.
You were not hungry.

You visited 1 branch of the dungeon, and saw 4 of its levels.

You collected 228 gold pieces.

Inventory:

Missiles
 a - 66 arrows
Armour
 b - a +0 robe
 f - a +2 pair of gloves of strength (worn)
 k - a +2 helmet (worn)
 s - a +0 leather armour (worn)
 u - a +0 helmet
Scrolls
 g - a scroll of recharging {unknown}
 j - 3 scrolls of identify {unknown}
 n - a scroll of remove curse {unknown}
 t - a scroll of amnesia {unknown}
Potions
 e - a potion of cure mutation
 h - a potion of beneficial mutation {unknown}
 i - 3 potions of heal wounds {unknown}
 l - 2 potions of cancellation
 m - a potion of magic {unknown}
 o - a potion of lignification {unknown}
 p - 2 potions of curing {unknown}
 r - a potion of poison {unknown}
Books
 c - a book of Changes

   Spells                             Type                      Level
   a - Beastly Appendage              Transmutation                1
   b - Sticks to Snakes               Transmutation                2
   c - Spider Form                    Transmutation/Poison         3
   d - Ice Form                       Ice/Transmutation            4
   e - Blade Hands                    Transmutation                5
Comestibles
 d - 3 bread rations
 q - a meat ration
 v - 2 fruits


   Skills:
 - Level 1.1(0.0) Fighting
 - Level 3.0(1.4) Dodging
 * Level 6.1(4.4) Unarmed Combat
 - Level 2.0(0.4) Spellcasting
 - Level 3.0(1.4) Transmutations


You had 4 spell levels left.
You knew the following spells:

 Your Spells              Type           Power        Failure   Level  Hunger
a - Beastly Appendage     Trmt           #.....       21%         1    ##.....
b - Spider Form           Trmt/Pois      #.........   87%         3    ####...


Dungeon Overview and Level Annotations

Branches:
Dungeon (4/15)
 Temple: D:4-7

Altars:


Message History

The gnoll hits you with a flail. The gnoll barely misses you.
You closely miss the gnoll.
The gnoll is moderately wounded.
You hit the gnoll.
The gnoll is heavily wounded.
The gnoll hits you but does no damage. The gnoll hits you with a flail.
* * * LOW HITPOINT WARNING * * *
You are too injured to fight recklessly!
You are too injured to fight recklessly!
You hit the gnoll.
The gnoll is lightly wounded.
The gnoll hits you with a spear!
* * * LOW HITPOINT WARNING * * *
The gnoll closely misses you.
Drink which item? (? for menu, Esc to quit)
It was a potion of cancellation.
You feel magically purged. The gnoll hits you with a spear.
* * * LOW HITPOINT WARNING * * *
The gnoll hits you with a flail!
You die...

#≈P♣PPPP≈≈♣...#.#
#P.≈♣♣P♣≈≈≈≈#.#.# #
##P≈≈≈♣≈≈≈P.#.#.# ..
#.≈≈≈♣≈♣PP...#.# #.
##P≈♣≈≈≈P.##.#.#
##.?####.≈P≈≈≈PP≈##.#.#
.........≈PP≈P.P....#.# ##
#..##..##g≈P≈≈.#####.###.
#.gg@....#.##>.......
#.....h###.#......##.###.
........# #.#......##.####
##.....## #.#.............
#...... #.#......#......
...?....###<#......#......
...$............##.#.###.#
...........#######.#.# #.#
...............#.# #.#


You could see a hound and 3 gnolls.

Vanquished Creatures
  Robin (D:3)
  A gnoll (D:2)
  4 adders
  2 worms
  A giant gecko (D:4)
  5 orcs (D:3)
  4 giant cockroaches
  14 goblins
  10 hobgoblins
  A jackal (D:2)
  12 kobolds
  2 quokkas
  10 bats
  4 giant newts
  6 rats
77 creatures vanquished.

Notes
Turn   | Place    | Note
--------------------------------------------------------------
     0 | D:1      | DecibelRebel the Merfolk Transmuter began the quest for the Orb.
     0 | D:1      | Reached XP level 1. HP: 15/15 MP: 3/3
   297 | D:1      | Reached XP level 2. HP: 8/21 MP: 5/5
   560 | D:1      | Reached skill level 4 in Unarmed Combat
   690 | D:1      | Reached XP level 3. HP: 24/26 MP: 6/6
   856 | D:1      | Learned a level 3 spell: Spider Form
  1691 | D:2      | Reached skill level 5 in Unarmed Combat
  1691 | D:2      | Reached XP level 4. HP: 7/32 MP: 7/7
  2021 | D:2      | You fall through a shaft!
  2150 | D:3      | Found a faded altar to an unknown god.
  2456 | D:3      | Noticed Robin
  2499 | D:3      | Reached XP level 5. HP: 33/37 MP: 3/8
  2542 | D:3      | Killed Robin
  2542 | D:3      | Reached skill level 6 in Unarmed Combat
  3367 | D:4      | HP: 1/37 [gnoll/spear (1)]
  3367 | D:4      | Mangled by a gnoll

Vault maps used:
D:1:      shiori_arrival_maze
D:2:      first_bread, minmay_close_crescents
D:3:      ecumenical_altar_1, uniq_robin
D:4:      serial_bayou_lagoon_a

Action                   |  1- 3 |  4- 6 || total
-------------------------+-------+-------++-------
Melee: Unarmed           |   125 |   156 ||   281
 Cast: Beastly Appendage |     2 |       ||     2
       Spider Form       |     1 |     2 ||     3
  Use: Potion            |     1 |     1 ||     2
 Stab: Distracted        |       |     1 ||     1
  Eat: Chunk             |     2 |     5 ||     7
       Beef jerky        |       |     1 ||     1
